 Dungeon Crawl Stone Soup version 0.20-a0-1089-g3fde505 (webtiles) character file.

100 Klosterheim the Chopper (level 4, 0/35 HPs)
             Began as a Demonspawn Fighter on May 3, 2017.
             Slain by a worm (6 damage)
             ... on level 3 of the Dungeon.
             The game lasted 00:04:18 (2084 turns).

Klosterheim the Chopper (Demonspawn Fighter)        Turns: 2084, Time: 00:04:19

Health: 0/35       AC:  9    Str: 23    XL:     4   Next: 47%
Magic:  0/4        EV:  7    Int: 10    God:
Gold:   210        SH:  9    Dex: 12    Spells: 3/3 levels left

rFire    . . .     SeeInvis .   r - +0 whip (elec)
rCold    . . .     Gourm    .   c - +0 shield
rNeg     . . .     Faith    .   k - +0 scale mail
rPois    .         Spirit   +   (no helmet)
rElec    .         Reflect  .   p - +0 cloak
rCorr    .         Harm     .   (no gloves)
MR       .....                  (no boots)
Stlth    ..........             (no amulet)
Regen    0.2/turn               m - +6 ring of strength
MPRegen  0.1/turn               (no ring)

@: no status effects
A: iridescent scales 1, spiny 1, magic shield
a: no special abilities


You were on level 3 of the Dungeon.
You were not hungry.

You visited 1 branch of the dungeon, and saw 3 of its levels.

You collected 210 gold pieces.

Inventory:

Hand Weapons
 a - a +0 war axe
 r - a +0 whip of electrocution (weapon)
Armour
 c - a +0 shield (worn)
 k - a +0 scale mail (worn)
 p - a +0 cloak (worn)
Jewellery
 m - a +6 ring of strength (left hand)
Scrolls
 h - a scroll of fear {unknown}
 n - a scroll of identify
 q - a scroll of remove curse
Potions
 d - a potion of might
 e - a potion of mutation {unknown}
 j - a potion of berserk rage
 l - a potion of cancellation {unknown}
 o - a potion of heal wounds {unknown}
Comestibles
 b - a meat ration
 f - a bread ration
 g - 4 fruits
 i - 2 royal jellies


   Skills:
 - Level 3.0 Fighting
 + Level 4.3 Axes
 - Level 2.6 Armour
 - Level 2.6 Shields


You had 3 spell levels left.
You didn't know any spells.

Dungeon Overview and Level Annotations

Branches:
Dungeon (3/15)

Altars:
Ashenzari


Innate Abilities, Weirdness & Mutations

You are partially covered in iridescent scales. (AC +2)
You are partially covered in sharp spines.
When hurt, damage is shared between your health and your magic reserves.


Message History

The worm bites you but does no damage. The worm bites you but does no damage.
The worm bites you! The worm bites you! The worm closely misses you.
You block the worm's attack. You block the worm's attack.
You block the worm's attack. The worm is struck by your spines.
The worm barely misses you. The worm is struck by your spines.
The worm bites you but does no damage. The worm bites you!
* * * LOW HITPOINT WARNING * * *
The worm is struck by your spines. The worm bites you.
* * * LOW HITPOINT WARNING * * *
You block the worm's attack. The worm bites you.
The worm is struck by your spines. The worm bites you.
* * * LOW HITPOINT WARNING * * *
The worm bites you.
You die...

.# ########+#.#
#..........#
#..........#
#..........##
#............
#....w.....#
#######+#@##+###
............>....
######.#..######
#######.#.....
#.......#.###...
#.......#.# .. #
#.......#.# . #.
#.......#.#
#..#.......#.#


You could see a worm.

Vanquished Creatures
  4 adders (D:2)
  A worm (D:2)
  2 dart slugs
  An orc (D:2)
  2 ball pythons
  3 giant cockroaches
  5 goblins
  7 hobgoblins
  8 kobolds
  7 bats
  6 frilled lizards
  8 rats
54 creatures vanquished.

Notes
Turn   | Place    | Note
-------+----------+-------------------------------------------
     0 | D:1      | Klosterheim the Demonspawn Fighter began the quest for the Orb.
     0 | D:1      | Reached XP level 1. HP: 18/18 MP: 1/1
    39 | D:1      | Reached skill level 2 in Axes
   198 | D:1      | Gained mutation: You are partially covered in iridescent scales. (AC +2) [demonic ancestry]
   198 | D:1      | Reached XP level 2. HP: 20/24 MP: 2/2
   754 | D:1      | Reached skill level 3 in Axes
  1022 | D:2      | Gained mutation: You are partially covered in sharp spines. [demonic ancestry]
  1022 | D:2      | Reached XP level 3. HP: 29/29 MP: 3/3
  1302 | D:2      | Gained mutation: When hurt, damage is shared between your health and your magic reserves. [demonic ancestry]
  1302 | D:2      | Reached XP level 4. HP: 13/35 MP: 4/4
  1509 | D:2      | Found a shattered altar of Ashenzari.
  1597 | D:2      | Reached skill level 4 in Axes
  2084 | D:3      | Slain by a worm

Vault maps used:
D:1:      dpeg_arrival_orchard, hangedman_decor_growths, minivault_25,
          grunt_decor_resistance, minmay_tetromino_t2
D:2:      lemuel_doored_altar

Skill      XL: |  1  2  3  4 |
---------------+-------------+-----
Axes           | 2 3 4 |  4.3
Fighting       | |  3.0
Armour         | |  2.6
Shields        | |  2.6

Action                   |  1- 3 |  4- 6 || total
-------------------------+-------+-------++-------
Melee: War axe           |   103 |       ||   103
       Whip              |       |    12 ||    12
  Use: Scroll            |     2 |       ||     2
       Potion            |     1 |       ||     1
  Eat: Chunk             |     1 |     3 ||     4
Armor: Scale mail        |    57 |    21 ||    78
Dodge: Dodged            |    19 |    18 ||    37
Block: Shield            |    49 |    34 ||    83
